 Dungeon Crawl Stone Soup version 0.29.1 (webtiles) character file.

Game seed: 13817763162523199232

4077 qw the Cleaver (level 10, -9/88 HPs)
             Began as a Minotaur Berserker on Sept 13, 2022.
             Was a Priest of Trog.
             Mangled by a troll (15 damage)
             ... on level 8 of the Dungeon.
             The game lasted 00:02:31 (8435 turns).

qw the Cleaver (Minotaur Berserker)                 Turns: 8435, Time: 00:02:31

Health: -9/88      AC: 12    Str: 32    XL:     10   Next: 5%
Magic:  0/9        EV:  9    Int:  4    God:    Trog [***...]
Gold:   331        SH:  0    Dex:  8    Spells: 9/9 levels left

rFire   + + .      SeeInvis +   Y - +1 war axe
rCold   . . .      Faith    .   (no shield)
rNeg    . . .      Spirit   +   g - +0 chain mail
rPois   +          Reflect  .   (helmet restricted)
rElec   +          Harm     .   (no cloak)
rCorr   .          Rampage  .   c - +1 Delatra's gloves {ID++}
Will    .....                   (no boots)
Stlth   ..........              a - amulet of guardian spirit
HPRegen 0.24/turn               k - ring of poison resistance
MPRegen 0.11/turn               j - ring "Faahedia" {rElec rF++ Str+6 SInv Stlth+}

@: about to teleport, on berserk cooldown, slowed, very slow
A: horns 2, retaliatory headbutt, clumsy 1
a: Renounce Religion, Berserk, Trog's Hand


You were on level 8 of the Dungeon.
You worshipped Trog.
Trog was most pleased with you.
You visited 1 branch of the dungeon, and saw 8 of its levels.

You collected 331 gold pieces.


Innate Abilities, Weirdness & Mutations

You have a pair of horns on your head.
You reflexively headbutt those who attack you in melee.
You are clumsy. (Dex -2)


   Skills:
 - Level 8.1 Fighting
 + Level 14.7 Axes
 - Level 2.4 Throwing
 - Level 5.6 Armour
 - Level 2.1 Dodging


You had 9 spell levels left.
You didn't know any spells.
Your spell library was empty.

Inventory:

Hand Weapons
 h - a +3 vorpal flail
 Y - a +1 war axe (weapon)
Missiles
 f - a boomerang (quivered)
Armour
 c - the +1 Delatra's gloves (worn) {ID++}
   (You found it on level 6 of the Dungeon)

   It heals its wearer when they drink unknown potions.
   It restores its wearer's MP when they read unknown scrolls.
 g - a +0 chain mail (worn)
Jewellery
 a - an amulet of guardian spirit (around neck)
 i - a ring of ice
 j - the ring "Faahedia" (right hand) {rElec rF++ Str+6 SInv Stlth+}
   (You acquired it on level 7 of the Dungeon)

   [ring of strength]

   Str:       It affects your strength (+6).
   rF:        It greatly protects you from fire.
   rElec:     It insulates you from electricity.
   SInv:      It lets you see invisible.
   Stlth:     It makes you more stealthy.
 k - a ring of poison resistance (left hand)
Scrolls
 b - a scroll of identify
Potions
 e - 2 potions of cancellation
 l - a potion of mutation
 m - 2 potions of haste
 o - a potion of heal wounds
 q - a potion of ambrosia {unknown}

Dungeon Overview and Level Annotations

Branches:
Dungeon (8/15)             Temple (0/1) D:6            Lair (0/5) D:8

Altars:
Trog
Wu Jian

Annotations:
D:3 3 runed translucent doors, qw's ghost, weakling GrFi


Message History

The electric eel shoots out a bolt of lightning at you!
The bolt of electricity misses you.
You slash the electric eel!
The electric eel is heavily wounded.
You are no longer berserk.
You are exhausted.
You feel yourself slow down.
You feel sick.
You are no longer poisoned.
The electric eel shoots out a bolt of lightning at you!
The bolt of electricity misses you.
You closely miss the electric eel. You headbutt the electric eel.
The electric eel is severely wounded.
The electric eel shoots out a bolt of lightning at you!
The bolt of electricity hits you. You resist.
The electric eel shoots out a bolt of lightning at you!
The bolt of electricity hits the electric eel.
The electric eel completely resists.
The bolt of electricity hits you. You resist.
You closely miss the electric eel.
You headbutt the electric eel, but do no damage.
The electric eel is severely wounded.
You miss the electric eel.
The electric eel shoots out a bolt of lightning at you!
The bolt of electricity misses the electric eel.
The bolt of electricity hits you. You resist.
You closely miss the electric eel.
The electric eel is severely wounded.
You barely miss the troll. You hit the electric eel.
The electric eel shoots out a bolt of lightning at you!
The bolt of electricity hits you. You resist.
The electric eel shoots out a bolt of lightning at you!
The bolt of electricity misses you. The troll bites you!
The troll claws you! x2
The electric eel shoots out a bolt of lightning at you!
The bolt of electricity misses the electric eel.
The bolt of electricity hits you. You resist.
8435 ||| READING scroll of teleportation.
As you read the scroll of teleportation, it crumbles to dust.
You feel strangely unstable. The troll bites you!
You die...

#.....~~~~.~~~
#...~~~~~~~...
#..?..~~~~..>.
#....~~.~~~...
#......~~~..~.
#.....~~S~~~.~
#.....TS~~~~~~
#.....@S..~~~~
#...%%%[..~.~)
#.....|......~
#....#......#.
#....#......#
#....#......#
#....#.<....#
#....#......#
#....#......#


You could see a troll and 3 electric eels.

Vanquished Creatures
  Pikel (D:6)
  Prince Ribbit (D:6)
  A wyvern (D:6)
  2 steam dragons
  Edmund (D:6)
  3 water moccasins
  3 black bears (D:5)
  3 ice beasts
  2 ogres
  2 wolves (D:8)
  A phantom (D:5)
  3 lemures (D:6)
  3 bullfrogs
  A necrophage (D:6)
  A scorpion (D:6)
  5 wights (D:8)
  An electric eel (D:8)
  3 howler monkeys
  2 jellies
  9 hounds
  A gnoll bouda (D:5)
  5 orc priests
  3 iguanas
  4 orc wizards
  7 gnolls
  7 adders
  A shadow imp (D:6)
  2 worms
  A dart slug (D:3)
  19 orcs
  4 ball pythons
  7 bats
  5 endoplasms
  4 giant cockroaches
  7 hobgoblins
  4 jackals (D:1)
  5 quokkas
  3 frilled lizards
  5 goblins
  8 kobolds
  6 rats
156 creatures vanquished.

Notes
Turn   | Place    | Note
-------+----------+-------------------------------------------
     0 | D:1      | qw the Minotaur Berserker began the quest for the Orb.
     0 | D:1      | Reached XP level 1. HP: 19/19 MP: 0/0
     0 | D:1      | 0 ||| qw: Version: 0.1-a-119-g272c26d
     0 | D:1      | 0 ||| qw: Game counter: 11263
     0 | D:1      | 0 ||| qw: Always use a shield: true
     0 | D:1      | 0 ||| qw: Do Orc after D:15 true
     0 | D:1      | 0 ||| qw: Do second Lair branch before Depths: true
     0 | D:1      | 0 ||| qw: Lair rune preference: random
     0 | D:1      | 0 ||| qw: Plans: Normal
     0 | D:1      | 0 ||| PLANNING D:1-11
   123 | D:1      | Reached skill level 4 in Axes
   253 | D:1      | Reached XP level 2. HP: 26/26 MP: 1/1
   675 | D:1      | 675 ||| Stepping ~*~*~tactically~*~*~ (stealth).
   706 | D:1      | Reached skill level 5 in Axes
   790 | D:1      | Reached XP level 3. HP: 31/31 MP: 2/2
   793 | D:1      | Reached ** piety under Trog
  1225 | D:1      | 1225 ||| UPGRADING to +0 ring mail.
  1235 | D:1      | 1235 ||| DROPPING +0 animal skin.
  1236 | D:1      | 1236 ||| READING 2 scrolls labelled FYSOTE CEWEDYZ.
  1241 | D:1      | 1241 ||| READING scroll labelled NUIMNUGUKI.
  1242 | D:1      | 1242 ||| READING scroll labelled RUGIAR GUSU.
  1243 | D:1      | 1243 ||| READING scroll labelled TYIDGH MOOS.
  1244 | D:1      | 1244 ||| READING 3 scrolls labelled MALLISTROUGG.
  1245 | D:1      | 1245 ||| DROPPING 2 scrolls of magic mapping.
  1286 | D:2      | 1286 ||| STAIRDANCE
  1397 | D:2      | 1397 ||| Stepping ~*~*~tactically~*~*~ (stealth).
  1400 | D:2      | 1400 ||| INVOKING Berserk.
  1410 | D:2      | HP: 7/31 [gnoll/+0 spear (6)]
  1411 | D:2      | 1411 ||| READING scroll of teleportation.
  1792 | D:2      | 1792 ||| DROPPING +0 club.
  1922 | D:2      | 1922 ||| Stepping ~*~*~tactically~*~*~ (hiding).
  1923 | D:2      | 1923 ||| Stepping ~*~*~tactically~*~*~ (hiding).
  1924 | D:2      | 1924 ||| Stepping ~*~*~tactically~*~*~ (hiding).
  1926 | D:2      | 1926 ||| INVOKING Berserk.
  1929 | D:2      | Reached skill level 6 in Axes
  1929 | D:2      | Reached XP level 4. HP: 39/39 MP: 3/3
  1998 | D:2      | 1998 ||| Stepping ~*~*~tactically~*~*~ (stealth).
  1999 | D:2      | 1999 ||| Stepping ~*~*~tactically~*~*~ (stealth).
  2000 | D:2      | 2000 ||| Stepping ~*~*~tactically~*~*~ (stealth).
  2243 | D:2      | Found a faded altar of an unknown god.
  2370 | D:2      | 2370 ||| DRINKING 2 cyan potions.
  2371 | D:2      | 2371 ||| READING 2 scrolls of identify.
  2371 | D:2      | 2371 ||| IDENTIFYING fizzy cyan potion
  2372 | D:2      | 2372 ||| DROPPING potion of lignification.
  2485 | D:3      | 2485 ||| Stepping ~*~*~tactically~*~*~ (stealth).
  2486 | D:3      | 2486 ||| Stepping ~*~*~tactically~*~*~ (stealth).
  2487 | D:3      | 2487 ||| FLEEEEING.
  2591 | D:3      | 2591 ||| Stepping ~*~*~tactically~*~*~ (stealth).
  2595 | D:3      | 2595 ||| Stepping ~*~*~tactically~*~*~ (stealth).
  2601 | D:3      | 2601 ||| Stepping ~*~*~tactically~*~*~ (stealth).
  2618 | D:3      | Found a runed translucent gate.
  2620 | D:3      | Found a runed translucent gate.
  2620 | D:3      | Found a runed translucent gate.
  2623 | D:3      | 2623 ||| SWAPPING to +0 war axe.
  2624 | D:3      | 2624 ||| DROPPING +0 hand axe of draining.
  2649 | D:3      | 2649 ||| Stepping ~*~*~tactically~*~*~ (hiding).
  2999 | D:3      | Found an ornate altar of the Wu Jian Council.
  3351 | D:3      | Noticed qw's ghost (weakling GrFi)
  3375 | D:3      | 3375 ||| UPGRADING to +0 scale mail.
  3385 | D:3      | 3385 ||| DROPPING +0 ring mail.
  3386 | D:3      | 3386 ||| UPGRADING to ring of poison resistance.
  3387 | D:3      | 3387 ||| READING 2 scrolls labelled TAELOLIECK.
  3388 | D:3      | 3388 ||| READING 2 scrolls of identify.
  3388 | D:3      | 3388 ||| IDENTIFYING fuming silvery potion
  3389 | D:3      | 3389 ||| DROPPING scroll of amnesia.
  3488 | D:4      | 3488 ||| Stepping ~*~*~tactically~*~*~ (stealth).
  3489 | D:4      | 3489 ||| Stepping ~*~*~tactically~*~*~ (stealth).
  3493 | D:4      | Noticed an ogre
  3496 | D:4      | 3496 ||| INVOKING Berserk.
  3499 | D:4      | HP: 13/58 [ogre/+0 giant club (28)]
  3500 | D:4      | Killed an ogre
  3501 | D:4      | Reached skill level 7 in Axes
  3501 | D:4      | Reached XP level 5. HP: 15/45 MP: 4/4
  3714 | D:4      | 3714 ||| Stepping ~*~*~tactically~*~*~ (hiding).
  3840 | D:4      | Identified the +3 mace of Causality {vorpal, *Rage rPois
                  | rC+}
  3842 | D:4      | 3842 ||| DROPPING +3 mace of Causality {vorpal, *Rage rPois
                  | rC+}.
  3997 | D:4      | 3997 ||| Stepping ~*~*~tactically~*~*~ (hiding).
  4002 | D:4      | 4002 ||| INVOKING Berserk.
  4015 | D:4      | Reached XP level 6. HP: 52/52 MP: 5/5
  4019 | D:4      | 4019 ||| DRINKING potion of curing.
  4019 | D:4      | 4019 ||| (to cure confusion)
  4026 | D:4      | Reached skill level 8 in Axes
  4289 | D:4      | 4289 ||| DROPPING orb of energy.
  4290 | D:4      | 4290 ||| READING scroll labelled TENYWK LEDIEKK.
  4291 | D:4      | 4291 ||| DRINKING 2 smoky puce potions.
  4291 | D:4      | Gained mutation: You are clumsy. (Dex -2) [potion of
                  | mutation]
  4340 | D:5      | Entered Level 5 of the Dungeon
  4393 | D:5      | 4393 ||| INVOKING Berserk.
  4543 | D:5      | Reached skill level 9 in Axes
  4568 | D:5      | 4568 ||| Stepping ~*~*~tactically~*~*~ (stealth).
  4590 | D:5      | Reached XP level 7. HP: 46/60 MP: 6/6
  4820 | D:5      | 4820 ||| INVOKING Berserk.
  4953 | D:5      | 4953 ||| DROPPING +0 whip.
  5120 | D:5      | 5120 ||| INVOKING Berserk.
  5125 | D:5      | Reached skill level 10 in Axes
  5137 | D:5      | Reached skill level 6 in Fighting
  5360 | D:5      | Found a bloodstained altar of Trog.
  5361 | D:5      | 5361 ||| Stepping ~*~*~tactically~*~*~ (stealth).
  5363 | D:5      | 5363 ||| Stepping ~*~*~tactically~*~*~ (stealth).
  5365 | D:5      | 5365 ||| INVOKING Berserk.
  5370 | D:5      | Reached XP level 8. HP: 70/70 MP: 7/7
  5372 | D:5      | Reached skill level 11 in Axes
  5726 | D:5      | 5726 ||| INVOKING Berserk.
  5961 | D:5      | 5961 ||| UPGRADING to +0 chain mail.
  5971 | D:5      | 5971 ||| DROPPING +0 scale mail.
  5972 | D:5      | 5972 ||| READING scroll labelled USOQUFO BYEZAKA.
  5973 | D:5      | 5973 ||| READING scroll labelled DELEREDW DYWOA.
  5985 | D:6      | 5985 ||| INVOKING Berserk.
  5994 | D:6      | 5994 ||| FLEEEEING.
  6005 | D:6      | 6005 ||| STAIRDANCE
  6153 | D:6      | Found the +1 Delatra's gloves {ID++}
  6180 | D:6      | 6180 ||| INVOKING Berserk.
  6412 | D:6      | Reached skill level 12 in Axes
  6526 | D:6      | 6526 ||| Stepping ~*~*~tactically~*~*~ (stealth).
  6528 | D:6      | 6528 ||| Stepping ~*~*~tactically~*~*~ (hiding).
  6642 | D:6      | Found a staircase to the Ecumenical Temple.
  6804 | D:6      | Identified the +9 spear "Eduek" {flame, rPois rN+ Int-4}
  6808 | D:6      | Noticed Edmund
  6817 | D:6      | 6817 ||| INVOKING Berserk.
  6821 | D:6      | Killed Edmund
  6822 | D:6      | Reached XP level 9. HP: 79/79 MP: 8/8
  6831 | D:6      | 6831 ||| Stepping ~*~*~tactically~*~*~ (hiding).
  6841 | D:6      | Reached *** piety under Trog
  6923 | D:6      | 6923 ||| DROPPING +0 flail.
  6978 | D:6      | Noticed Prince Ribbit
  6980 | D:6      | 6980 ||| INVOKING Berserk.
  6994 | D:6      | Killed Prince Ribbit
  7272 | D:6      | Noticed Pikel
  7278 | D:6      | 7278 ||| INVOKING Berserk.
  7283 | D:6      | Killed Pikel
  7284 | D:6      | Reached skill level 13 in Axes
  7418 | D:6      | 7418 ||| UPGRADING to +1 Delatra's gloves {ID++}.
  7423 | D:6      | 7423 ||| DRINKING 2 golden potions.
  7528 | D:6      | 7528 ||| READING 3 scrolls of identify.
  7528 | D:6      | 7528 ||| IDENTIFYING dark potion
  7529 | D:6      | 7529 ||| DROPPING potion of berserk rage.
  7530 | D:6      | 7530 ||| DROPPING potion of brilliance.
  7587 | D:7      | 7587 ||| INVOKING Berserk.
  7597 | D:7      | 7597 ||| STAIRDANCE
  7705 | D:7      | 7705 ||| STAIRDANCE
  7736 | D:7      | 7736 ||| STAIRDANCE
  7768 | D:7      | 7768 ||| INVOKING Berserk.
  7855 | D:7      | 7855 ||| Stepping ~*~*~tactically~*~*~ (stealth).
  8181 | D:7      | 8181 ||| UPGRADING to amulet of guardian spirit.
  8186 | D:7      | 8186 ||| READING scroll labelled PIUNWE REIQICH.
  8187 | D:7      | 8187 ||| READING scroll labelled SIASAN QUDOU.
  8188 | D:7      | 8188 ||| READING scroll labelled CEXERA ULOHYDWYGUNG.
  8188 | D:7      | Identified a scroll of acquirement
  8188 | D:7      | 8188 ||| ACQUIRING ring "Faahedia" {rElec rF++ Str+6 SInv
                  | Stlth+}
  8188 | D:7      | Acquired the ring "Faahedia" {rElec rF++ Str+6 SInv Stlth+}
  8190 | D:7      | 8190 ||| UPGRADING to ring "Faahedia" {rElec rF++ Str+6
                  | SInv Stlth+}.
  8191 | D:7      | 8191 ||| READING 3 scrolls of identify.
  8191 | D:7      | 8191 ||| IDENTIFYING sedimented purple potion
  8192 | D:7      | 8192 ||| READING 2 scrolls of identify.
  8192 | D:7      | 8192 ||| IDENTIFYING yellow potion
  8193 | D:7      | 8193 ||| DROPPING potion of degeneration.
  8207 | D:8      | 8207 ||| INVOKING Berserk.
  8211 | D:8      | Reached skill level 14 in Axes
  8400 | D:8      | 8400 ||| Stepping ~*~*~tactically~*~*~ (stealth).
  8406 | D:8      | Found a staircase to the Lair.
  8408 | D:8      | 8408 ||| INVOKING Berserk.
  8418 | D:8      | Reached XP level 10. HP: 88/88 MP: 5/9
  8434 | D:8      | HP: 17/88 [troll (9)]
  8434 | D:8      | HP: 8/88 [troll (9)]
  8435 | D:8      | 8435 ||| READING scroll of teleportation.
  8435 | D:8      | Mangled by a troll

Levels and vault maps discovered:
D:1:      evilmike_arrival_fibonacci_small, layout_basic, minmay_pentomino_t4
D:2:      layout_basic, hellmonk_ecumenical_altar_pennies_from_heaven
D:3:      layout_loops_cross, general_overflow_altar, gammafunk_ghost_icy
D:4:      layout_loops_ring
D:5:      wander_river, layout_basic, trog_ov_bears_minmay
D:6:      layout_gridville, minmay_temple_entry_large_hall, uniq_pikel,
          uniq_prince_ribbit1, uniq_edmund
D:7:      layout_cave_pools, minmay_misc_feat_encased
D:8:      layout_gridville, erik_lair_island, kennysheep_generic_room_14

Skill      XL: |  1  2  3  4  5  6  7  8  9 |
---------------+----------------------------+-----
Axes           | 4 5 6 7 9 10 12 14 | 14.7
Fighting       | 4 6 7 8 |  8.1
Armour         | 4 5 |  5.6
Throwing       | 2 |  2.4
Dodging        | |  2.1

Action                   |  1- 3 |  4- 6 |  7- 9 | 10-12 || total
-------------------------+-------+-------+-------+-------++-------
Melee: Hand axe          |    76 |    33 |       |       ||   109
       Headbutt          |     7 |    16 |    31 |     2 ||    56
       War axe           |       |    82 |   194 |    15 ||   291
       Punch             |       |     1 |     3 |       ||     4
Throw: Boomerang         |       |       |    15 |       ||    15
Invok: Berserk           |     2 |     3 |    13 |       ||    18
  Use: Scroll            |     6 |     4 |     8 |     1 ||    19
       Potion            |       |     3 |     1 |       ||     4
 Stab: Distracted        |       |       |     1 |       ||     1
Armor: Animal skin       |     9 |       |       |       ||     9
       Ring mail         |     2 |    10 |       |       ||    12
       Scale mail        |       |    21 |    25 |       ||    46
       Chain mail        |       |       |    53 |     4 ||    57
Dodge: Dodged            |    35 |    47 |    77 |     5 ||   164

Table legend:
 A = Non-vault XP
 B = Vault XP
 C = Vault XP percentage of total XP
 D = Non-vault monster count
 E = Vault monster count
 F = Vault count percentage of total count
                 A         B        C        D         E       F
            +---------+---------+-------+---------+---------+-------
      Total |    3954 |    1871 |  32.1 |     136 |      17 |  11.1
            +---------+---------+-------+---------+---------+-------
        D:1 |      46 |       5 |   9.8 |      28 |       4 |  12.5
        D:2 |      66 |       0 |   0.0 |       9 |       0 |   0.0
        D:3 |      60 |       0 |   0.0 |      22 |       0 |   0.0
        D:4 |     249 |       0 |   0.0 |      13 |       0 |   0.0
        D:5 |    1166 |     259 |  18.2 |      27 |       2 |   6.9
        D:6 |    1132 |    1113 |  49.6 |      20 |       3 |  13.0
        D:7 |     585 |       0 |   0.0 |       5 |       0 |   0.0
        D:8 |     650 |     494 |  43.2 |      12 |       8 |  40.0
            +---------+---------+-------+---------+---------+-------
